 Dungeon Crawl Stone Soup version 0.20-a0-268-gb6bde61 (webtiles) character file.

91 Herrn the Digger (level 4, -15/31 HPs)
             Began as a Formicid Earth Elementalist on Dec 7, 2016.
             Demolished by an orc
             ... wielding a +0 short sword of electrocution
              (16 damage)
             ... on level 3 of the Dungeon.
             The game lasted 00:07:17 (1659 turns).

Herrn the Digger (Formicid Earth Elementalist)      Turns: 1659, Time: 00:07:17

Health: -15/31     AC:  2    Str: 13    XL:     4   Next: 88%
Magic:  3/7        EV: 12    Int: 15    God:
Gold:   162        SH:  0    Dex: 13    Spells: 6/7 levels left

rFire  . . .     SeeInvis +     b - 46 stones
rCold  . . .     Gourm    .     c - +0 robe
rNeg   . . .     Faith    .     (no shield)
rPois  .         Spirit   .     (helmet unavailable)
rElec  .         Reflect  .     (no cloak)
rCorr  .         Harm     .     (no gloves)
MR     .....                    (no boots)
Stlth  +.........               l - amulet of regeneration
                                i - ring of loudness (curse)
                                h - +2 ring of dexterity

@: no status effects
A: permanent stasis, dig shafts and tunnels, four strong arms, antennae 3
a: Dig, Shaft Self


You were on level 3 of the Dungeon.
You were not hungry.

You visited 1 branch of the dungeon, and saw 3 of its levels.

You collected 162 gold pieces.

Inventory:

Hand Weapons
 f - a +0 club
 p - a +0 hand axe
Missiles
 b - 46 stones (in hand)
Armour
 c - a +0 robe (worn)
 g - a +0 plate armour
Jewellery
 h - a +2 ring of dexterity (left hand)
 i - a cursed ring of loudness (right hand)
 l - an amulet of regeneration (around neck)
Wands
 u - a wand of disintegration (11/24)
Scrolls
 k - a scroll of fear {unknown}
 m - a scroll of teleportation {unknown}
 n - 2 scrolls of remove curse {unknown}
 q - 3 scrolls of identify {unknown}
 v - a scroll of noise {unknown}
 x - a scroll of magic mapping {unknown}
Potions
 a - a potion of lignification {unknown}
 j - a potion of heal wounds {unknown}
 o - a potion of cancellation {unknown}
 r - a potion of invisibility {unknown}
 w - 2 potions of mutation {unknown}
Books
 e - a book of Geomancy

   Spells                             Type                      Level
   a - Sandblast                      Earth                        1
   b - Passwall                       Transmutation/Earth          2
   c - Stone Arrow                    Conjuration/Earth            3
   d - Petrify                        Transmutation/Earth          4
   e - Lee's Rapid Deconstruction     Earth                        5
Comestibles
 d - 2 bread rations
 s - a chunk of flesh
 t - a beef jerky


   Skills:
 + Level 0.9 Fighting
 * Level 1.6 Axes
 + Level 2.1 Dodging
 - Level 2.4 Stealth
 - Level 2.1 Spellcasting
   Level 1.1 Transmutations
 + Level 5.4 Earth Magic


You had 6 spell levels left.
You knew the following spells:

 Your Spells              Type           Power        Failure   Level  Hunger
a - Sandblast             Erth           ###...       2%          1    #......


Dungeon Overview and Level Annotations

Branches:
Dungeon (3/15)

Altars:
Hepliaklqana
Nemelex Xobeh


Innate Abilities, Weirdness & Mutations

You cannot be hasted, slowed, berserked, paralysed or teleported.
You can dig through walls and to a lower floor.
Your four strong arms can wield two-handed weapons with a shield.
You have a pair of large antennae on your head. (SInv)


Message History

You kill the orc!
The orc wizard points at you and mumbles some strange words.
The magic dart hits you!
* * * LOW HITPOINT WARNING * * *
The orc hits you with a short sword of electrocution.
* * * LOW HITPOINT WARNING * * *
Casting: Sandblast
Confirm with . or Enter, or press ? or * to list all spells.
Aiming: Sandblast
Press: ? - help, Shift-Dir - straight line, f - orc wizard
Aim: an orc wizard, wielding a dagger and wearing a robe (fast)
The rocky blast hits the orc wizard.
The orc wizard is lightly wounded.
The orc wizard hits you but does no damage.
The orc wizard barely misses you.
The orc hits you with a short sword of electrocution.
* * * LOW HITPOINT WARNING * * *
You are electrocuted!
Ouch! That really hurt!
You die...

#..# #.#.# #..# #.#.#
#..########.#.#
#.......†.....#
####.########.###.##.#
#......(..............
#.##.##.#####.###..#.#
#.##...o......<.......
#.#####@#####.###..#.#
#.# #o# #.# # #.# #o#
#.# #.# #(# #[# #.#
...o ..# #.# ..... ..#
#...... ...
#.........# .........


You could see an orc wizard and 2 orcs.

Vanquished Creatures
  2 adders
  2 oozes (D:1)
  A dart slug (D:1)
  2 leopard geckos
  An orc (D:3)
  3 ball pythons
  3 giant cockroaches
  3 goblins
  6 hobgoblins
  10 jackals
  11 kobolds
  A quokka (D:2)
  5 bats
  A frilled lizard (D:1)
  3 rats
54 creatures vanquished.

Notes
Turn   | Place    | Note
-------+----------+-------------------------------------------
     0 | D:1      | Herrn the Formicid Earth Elementalist began the quest for the Orb.
     0 | D:1      | Reached XP level 1. HP: 13/13 MP: 3/3
    53 | D:2      | Reached skill level 4 in Earth Magic
   200 | D:2      | Reached XP level 2. HP: 19/19 MP: 0/5
   566 | D:1      | Reached XP level 3. HP: 16/24 MP: 0/6
   770 | D:1      | Reached skill level 5 in Earth Magic
  1120 | D:1      | Reached XP level 4. HP: 29/30 MP: 7/7
  1297 | D:2      | Found a sparkling altar of Nemelex Xobeh.
  1449 | D:2      | Reached skill level 1 in Axes
  1479 | D:2      | Found a hazy altar of Hepliaklqana.
  1659 | D:3      | HP: 1/31 [orc/short sword of electrocution (4)]
  1659 | D:3      | Demolished by an orc

Vault maps used:
D:1:      onia_arrival_handbag
D:2:      nemelex_xobeh_ov_fountains_minmay, lemuel_doored_altar, first_bread
D:3:      marbit_many_paths, uniq_robin

Skill      XL: |  1  2  3  4 |
---------------+-------------+-----
Earth Magic    | 4 5 |  5.4
Dodging        | 2 |  2.1
Axes           | 1 |  1.6
Fighting       | |  0.9
Stealth        | |  2.4
Spellcasting   | |  2.1
Transmutations | |  1.1

Action                   |  1- 3 |  4- 6 || total
-------------------------+-------+-------++-------
Melee: Club              |     1 |       ||     1
       Hand axe          |    29 |    77 ||   106
 Cast: Sandblast         |    42 |    10 ||    52
 Abil: Dig               |     1 |       ||     1
  Eat: Chunk             |     2 |     2 ||     4
Armor: Robe              |     5 |    27 ||    32
Dodge: Dodged            |    40 |    72 ||   112
